 Dungeon Crawl Stone Soup version 0.30.0-29-ga12c61a403 (webtiles) character file.

Game seed: 1334065329437943662

1591 cdecastro the Grappler (level 8, -11/70 HPs)
             Began as a Ghoul Fighter on June 19, 2023.
             Was an Initiate of Ashenzari.
             Mangled by a boulder beetle (17 damage)
             ... on level 6 of the Dungeon.
             The game lasted 00:10:31 (5375 turns).

cdecastro the Grappler (Ghoul Fighter)              Turns: 5375, Time: 00:10:31

Health: -11/70     AC: 16    Str: 22    XL:     8   Next: 93%
Magic:  7/7        EV:  6    Int:  3    God:    Ashenzari [......]
Gold:   359        SH:  4    Dex:  8    Spells: 7/7 levels left

rFire   . .          .
                       - Unarmed
rCold   + . .        b - +0 buckler
rNeg    + + +        y - +0 plate armour
rPois   ∞            s - +0 helmet
rElec   .            (no cloak)
rCorr   .            k - +0 pair of gloves "Gnostic Gnosis" {Fort, Cun} (curse)
SInv    .            m - +0 pair of boots
Will    .....        (no amulet) Stlth
                     (no ring)
HPRegen 0.00/turn    (no ring)
MPRegen 0.10/turn

%: no passive effects
@: about to teleport, inhibited regen
A: claws 1, cold resistance 1, negative energy resistance 3, inhibited
regeneration, torment resistance 2, devour on kill
a: Renounce Religion, Curse Item, Shatter the Chains


You were on level 6 of the Dungeon.
You worshipped Ashenzari.
Ashenzari was noncommittal.
You visited 2 branches of the dungeon, and saw 7 of its levels.

You collected 429 gold pieces.
You spent 70 gold pieces at shops.

Inventory:

Missiles
 x - 2 boomerangs (quivered)
 E - 7 curare-tipped darts
Armour
 a - a +0 scale mail
 b - a +0 buckler (worn)
 k - the cursed +0 pair of gloves "Gnostic Gnosis" (worn) {Fort, Cun}
   (You found it on level 2 of the Dungeon)

   It has a curse which improves the following skills: Fortitude: Armour and
   Shields.
   Cunning:   Dodging and Stealth.
 m - a +0 pair of boots (worn)
 p - the +2 cloak of the Great Game {-Tele Int+3 Dex+2}
   (You found it on level 2 of the Dungeon)

   Int:       It affects your intelligence (+3).
   Dex:       It affects your dexterity (+2).
   -Tele:     It prevents most forms of teleportation.
 s - a +0 helmet (worn)
 w - a +0 chain mail
 y - a +0 plate armour (worn)
Jewellery
 A - a +4 ring of slaying
 C - an amulet of magic regeneration
Wands
 F - a wand of quicksilver (5)
Scrolls
 d - a scroll of enchant weapon {unknown}
 f - a scroll of butterflies {unknown}
 g - 3 scrolls of noise
 h - 5 scrolls of identify
 j - 2 scrolls of teleportation
 o - a scroll of amnesia {unknown}
 q - a scroll of magic mapping {unknown}
 u - 2 scrolls of poison {unknown}
 D - 3 scrolls of fear {unknown}
Potions
 c - 4 potions of might
 e - a potion of magic {unknown}
 i - 4 potions of heal wounds
 l - 3 potions of curing {unknown}
 n - a potion of invisibility {unknown}
 r - a potion of flight {unknown}
 t - 3 potions of resistance {unknown}
 v - a potion of lignification {unknown}
 z - 3 potions of degeneration {unknown}
 B - a potion of attraction {unknown}
 G - a potion of mutation {unknown}


   Skills:
 - Level 6.0 Fighting
 + Level 4.7(5.1) Armour
 - Level 2.6(3.0) Shields
 * Level 10.0 Unarmed Combat


You had 7 spell levels left.
You didn't know any spells.
Your spell library contained the following spells:

 Spells                   Type           Power      Damage    Failure   Level
 Foxfire                  Conj/Fire      0%         2x1d4     100%        1
 Necrotise                Necr           0%         1d4       100%        1
 Call Canine Familiar     Summ           0%         N/A       100%        3
 Gell's Gravitas          Tloc           0%         N/A       100%        3
 Ozocubu's Armour         Ice            0%         N/A       100%        3
 Portal Projectile        Hex/Tloc       0%         N/A       100%        3
 Summon Guardian Golem    Hex/Summ       0%         N/A       100%        3
 Teleport Other           Tloc           0%         N/A       100%        3
 Vampiric Draining        Necr           0%         2d6       100%        3
 Animate Dead             Necr           0%         N/A       100%        4
 Dispel Undead            Necr           0%         3d6       100%        4
 Leda's Liquefaction      Hex/Erth       0%         N/A       100%        4
 Fireball                 Conj/Fire      0%         3d3       100%        5
 Dispersal                Tloc           0%         N/A       100%        6
 Plasma Beam              Fire/Air       0%         2x1d11    100%        6
 Starburst                Conj/Fire      0%         6d3       100%        6
 Orb of Destruction       Conj           0%         9d5       100%        7
 Spellforged Servitor     Conj/Summ      0%         N/A       100%        7
 Summon Hydra             Summ           0%         N/A       100%        7
 Sublimation of Blood     Necr           Unusable   N/A       N/A         2
 Wereblood                Tmut           Unusable   N/A       N/A         2

Dungeon Overview and Level Annotations

Branches:
Dungeon (6/15)             Temple (1/1) D:5

Altars:
Ashenzari
Cheibriados
Dithmenos
Fedhas
Gozag
Hepliaklqana
Nemelex Xobeh
Okawaru
Qazlal
Ru
Sif Muna
Uskayaw
Vehumet
Wu Jian
Xom

Shops:
D:4 *


Innate Abilities, Weirdness & Mutations

You are immune to poison.
You have sharp fingernails.
Your flesh is cold resistant. (rC+)
You are immune to negative energy. (rN+++)
You do not regenerate when monsters are visible.
You are immune to unholy pain and torment.
You thrive by killing the living.


Message History

The kobold brigand hits you with a +0 whip.
You punch the kobold brigand!
The kobold brigand is severely wounded.
You hit the boulder beetle.
The boulder beetle is lightly wounded.
You punch the boulder beetle!
The boulder beetle is moderately wounded.
The boulder beetle bites you but does no damage.
You hit the boulder beetle but do no damage.
The boulder beetle is moderately wounded.
The boulder beetle bites you!
You hit the boulder beetle but do no damage.
The boulder beetle is moderately wounded.
You barely miss the boulder beetle.
The boulder beetle is moderately wounded.
The boulder beetle bites you!
You hit the boulder beetle but do no damage.
The boulder beetle is moderately wounded.
You block the boulder beetle's attack. The boulder beetle bites you!!
* * * LOW HITPOINT WARNING * * *
You hit the boulder beetle but do no damage.
The boulder beetle is moderately wounded.
The boulder beetle bites you but does no damage.
You hit the boulder beetle but do no damage.
The boulder beetle is moderately wounded.
The boulder beetle bites you!
* * * LOW HITPOINT WARNING * * *
You punch the boulder beetle!
The boulder beetle is heavily wounded.
You block the boulder beetle's attack.
As you read the scroll labelled TEOFUA DA JOE, it crumbles to dust.
It is a scroll of identify.
g - 3 scrolls of noise The boulder beetle bites you.
* * * LOW HITPOINT WARNING * * *
As you read the scroll labelled VOLEFI UZOR, it crumbles to dust.
You feel strangely unstable.
It was a scroll of teleportation.
The boulder beetle bites you!
You die...

#..######..#######...#.####.##
#............ ......#.# #....
#...####.....####....#.###..##
#...# ...##..#....+<.....##
###...# #.##.. #....#.##.....
##...#.## #.#.. ##.#.#.........
#.>..#..## +#.#' ##..#.#...####..
#..###...###..F###.....'...')....
#..#.........8KB@.....##...##...#
#....#...###..)###...###...##...#
#.)#.#..## +#.#†.##..# #...##...#
...#.#.## #.#...##.# #...##...#
#..#.#.# ##.##...#.# #...#....'
##.#.#.# ##...##.!#.# #####....#
.....#.####.....####.# #....#
##.#.#...............# #....#
#.#..........######## #....#


You could see a boulder beetle, a kobold brigand and a bullfrog.

Vanquished Creatures
  An acid dragon (D:6)
  An orc warrior (D:4)
  An ogre (D:6)
  2 centaurs
  A phantom (D:6)
  A kobold brigand (D:6)
  2 bullfrogs
  2 scorpions
  A gnoll sergeant (D:6)
  2 howler monkeys
  4 hounds
  A jelly (D:5)
  2 orc priests
  An iguana (D:6)
  A sleepcap (D:6)
  4 orc wizards
  4 gnolls (D:6)
  6 adders
  A shadow imp (D:6)
  2 white imps (D:6)
  An ufetubus (D:3)
  3 worms
  4 dart slugs
  21 orcs
  3 bats
  8 endoplasms
  5 giant cockroaches
  5 hobgoblins
  13 jackals
  4 kobolds
  4 quokkas
  8 ball pythons
  4 frilled lizards
  7 goblins
  4 rats
134 creatures vanquished.

Notes
Turn   | Place    | Note
-------+----------+-------------------------------------------
     0 | D:1      | cdecastro the Ghoul Fighter began the quest for the Orb.
     0 | D:1      | Reached XP level 1. HP: 19/19 MP: 0/0
   283 | D:1      | Reached XP level 2. HP: 25/26 MP: 1/1
   315 | D:1      | Reached skill level 3 in Unarmed Combat
   722 | D:1      | Reached XP level 3. HP: 33/33 MP: 2/2
  1355 | D:2      | Identified the +2 cloak of the Great Game {-Tele Int+3
                  | Dex+2}
  1507 | D:3      | Reached skill level 4 in Unarmed Combat
  1507 | D:3      | Reached XP level 4. HP: 38/40 MP: 3/3
  1721 | D:3      | Found a sacrificial altar of Ru.
  1831 | D:3      | Found a faded altar of an unknown god.
  1851 | D:3      | Noticed a scorpion
  1888 | D:3      | Killed a scorpion
  1889 | D:3      | Reached skill level 5 in Unarmed Combat
  1889 | D:3      | Reached XP level 5. HP: 44/47 MP: 4/4
  1897 | D:3      | Prayed at the altar of an unknown god.
  1897 | D:3      | Became a worshipper of Ashenzari the Shackled
  2518 | D:4      | Found Xugiz's General Store.
  2523 | D:4      | Bought a potion of heal wounds for 70 gold pieces
  2631 | D:4      | Reached XP level 6. HP: 46/55 MP: 5/5
  2786 | D:4      | Found a hide-covered altar of Uskayaw.
  2817 | D:4      | Reached skill level 5 in Fighting
  2936 | D:4      | Reached skill level 6 in Unarmed Combat
  3142 | D:5      | Entered Level 5 of the Dungeon
  3373 | D:5      | Reached XP level 7. HP: 61/61 MP: 6/6
  3411 | D:4      | Reached skill level 7 in Unarmed Combat
  3630 | D:5      | Found a staircase to the Ecumenical Temple.
  3651 | Temple   | Entered the Ecumenical Temple
  3963 | D:5      | Reached skill level 8 in Unarmed Combat
  3963 | D:5      | Reached XP level 8. HP: 61/70 MP: 7/7
  4002 | D:5      | Found a hazy altar of Hepliaklqana.
  4046 | D:5      | Found a radiant altar of Vehumet.
  4046 | D:5      | Found a snail-covered altar of Cheibriados.
  4582 | D:6      | Found an opulent altar of Gozag.
  4696 | D:6      | Reached skill level 9 in Unarmed Combat
  4819 | D:6      | Found an ornate altar of the Wu Jian Council.
  5019 | D:6      | Got the Precepts of Freezing and Evil
  5344 | D:6      | Reached skill level 10 in Unarmed Combat
  5360 | D:6      | Noticed a boulder beetle
  5375 | D:6      | Mangled by a boulder beetle

Illustrated notes

Levels and vault maps discovered:
D:1:      dpeg_arrival_snail, layout_basic
D:2:      layout_basic
D:3:      layout_basic, nicolae_ru_awakened_eye, shapermc_ecumenical_altar_venn
D:4:      layout_loops_cross, general_overflow_altar, serial_shops, shop
D:5:      layout_rooms, kennysheep_mini_moat, nicolae_overflow_two_pavilions,
          minmay_temple_entry_ruins, serial_curves, eino_curves_03,
          eino_curves_04, eino_curves_02, chequers_serial_rivers_micro_e,
          guppyfry_early_orc_mine
D:6:      cheibrodos_barr_body, layout_basic,
          mainiacjoe_overflow_six_doors_small, marbit_many_paths,
          dk_noncrumbling_2, nrook_mini_vaults
Temple:   hellmonk_temple_micro_hex

Skill      XL: |  1  2  3  4  5  6  7  8 |
---------------+-------------------------+-----
Unarmed Combat | 3 4 5 6 8 10 | 10.0
Fighting       | 4 5 6 |  6.0
Armour         | 3 4 |  4.7
Shields        | |  2.6

Action                     |  1- 3 |  4- 6 |  7- 9 || total
---------------------------+-------+-------+-------++-------
  Melee: Unarmed           |   179 |   221 |   212 ||   612
  Throw: Boomerang         |       |     2 |     2 ||     4
 Invoke: Curse Item        |       |     1 |       ||     1
    Use: Scroll            |       |       |     2 ||     2
 Armour: Scale mail        |    86 |    39 |       ||   125
         Chain mail        |       |    63 |     3 ||    66
         Plate armour      |       |       |   112 ||   112
  Dodge: Dodged            |    86 |    82 |    49 ||   217
  Block: Buckler           |    37 |    32 |    42 ||   111
